Map: Ghost River LE

Players

safar

  • Race: Zerg Zerg
  • Spawn Location: 1:00

Читер 1 (ресурсы) - Winner!

  • Race: Protoss Protoss
  • Spawn Location: 11:00

VOD

Have the link to the VOD?

Description

Time

  • Played on: Feb. 15, 2026, 2:13 p.m.
  • Length: 18:09
Show
View Real Time Build Order
Export as new Build Order

safar Zerg 

Build Orders: Hatch First 

Get SALT Encoding   

  12  0:01  Drone  
  13  0:12  Overlord  
  13  0:17  Drone  
  14  0:31  Drone x2  
  14  0:34  Drone  
  17  0:45  Drone  
  17  0:49  Extractor  
  17  0:57  Hatchery  
  17  1:00  Drone  
  17  1:06  Drone  
  18  1:17  Drone  
  19  1:26  Spawning Pool  
  19  1:28  Drone  
  19  1:38  Drone  
  20  1:49  Drone  
  21  2:00  Drone  
  22  2:13  Queen  
  24  2:16  Queen  
  24  2:18  Hatchery  
  24  2:19  Drone  
  24  2:22  Drone  
  27  2:27  Drone  
  28  2:32  Overlord  
  28  2:40  Roach Warren  
  28  2:43  Drone  
  28  2:50  Baneling Nest  
  28  2:51  Drone  
  28  3:01  Drone  
  28  3:02  Drone x2  
  28  3:04  Drone  
  28  3:05  Drone  
  33  3:13  Queen  
  35  3:21  Drone  
  35  3:24  Overlord  
  36  3:30  Queen  
  38  3:36  Queen  
  38  3:40  Drone x2  
  42  3:46  Extractor  
  42  3:47  Extractor  
  40  3:49  Drone x2  
  40  3:50  Drone  
  40  3:52  Drone, Extractor  
  40  3:53  Drone  
  44  3:56  Drone  
  45  4:12  Drone x5  
  45  4:14  Overlord x2  
  50  4:20  Lair  
  50  4:45  Drone x2  
  51  4:46  Drone  
  51  4:48  Drone  
  51  4:49  Drone x2  
  51  4:51  Drone x6  
  51  4:52  Drone x4  
  66  4:58  Extractor  
  65  5:00  Extractor  
  65  5:01  Evolution Chamber  
  65  5:03  Evolution Chamber  
  62  5:15  Zergling x8  
  62  5:18  Metabolic Boost  
  66  5:21  Glial Reconstitution, Centrifugal Hooks  
  66  5:23  Overlord x4  
  66  5:24  Overlord  
  66  5:30  Zerg Missile Weapons Level 1  
  66  5:31  Zerg Ground Armor Level 1  
  66  5:44  Roach  
  66  5:45  Roach x7  
  82  6:03  Drone  
  82  6:04  Drone x2  
  84  6:06  Drone  
  84  6:07  Drone x2  
  84  6:08  Hatchery  
  84  6:09  Zergling x2  
  84  6:10  Zergling x12  
  94  6:17  Hydralisk Den  
  93  6:21  Infestation Pit, Drone  
  93  6:22  Drone x2  
  95  6:27  Burrow  
  95  6:42  Zergling x8  
  95  6:43  Zergling x12  
  95  6:46  Baneling x3  
  95  6:47  Baneling x9  
  105  6:53  Ravager  
  106  6:56  Overlord x4  
  106  7:15  Hydralisk x7  
  120  7:22  Hydralisk  
  120  7:23  Hydralisk x2  
  126  7:33  Roach  
  126  7:34  Roach  
  130  7:38  Ravager x7  
  137  7:46  Zergling x2  
  137  7:47  Zergling x6  
  137  7:48  Zergling x6  
  144  7:57  Zerg Missile Weapons Level 2  
  144  7:58  Zerg Ground Armor Level 2  
  144  8:00  Grooved Spines  
  144  8:06  Hive  
  144  8:09  Overlord x4  
  144  8:17  Baneling  
  144  8:18  Baneling x7  
  144  8:21  Baneling  
  144  8:22  Baneling x2  
  144  8:23  Baneling  
  144  8:25  Baneling  
  144  8:26  Baneling  
  110  8:53  Zergling x8  
  110  8:54  Zergling x20, Roach  
  118  9:12  Drone x2  
  118  9:13  Drone  
  118  9:16  Drone x3  
  124  9:23  Infestor x3  
  117  9:40  Roach x4  
  117  9:41  Roach x4  
  117  9:42  Ravager  
  134  9:48  Drone x3  
  134  9:52  Extractor  
  136  9:55  Extractor  
  136  9:56  Hatchery  
  134  10:04  Nydus Network  
  133  10:12  Ultralisk Cavern  
  133  10:14  Zergling x12  
  133  10:15  Zergling x6  
  133  10:18  Neural Parasite  
  141  10:21  Zerg Missile Weapons Level 3  
  141  10:22  Zerg Ground Armor Level 3  
  141  10:25  Zergling x2  
  141  10:26  Zergling x4  
  144  11:00  Zergling x32  
  160  11:05  Overlord x2  
  122  11:44  Roach x5  
  122  11:45  Roach x20, Hydralisk  
  153  11:47  Extractor x2  
  143  12:12  Zergling x2  
  143  12:13  Zergling x40  
  133  12:39  Zergling x24  
  115  12:53  Roach x4  
  115  12:54  Roach x4  
  104  13:06  Hydralisk x3  
  104  13:07  Hydralisk x8  
  104  13:12  Zerg Melee Weapons Level 1  
  118  13:17  Drone x3  
  118  13:19  Drone x2  
  123  13:20  Drone  
  123  13:22  Drone x7  
  131  13:28  Adrenal Glands  
  131  13:33  Muscular Augments  
  131  13:37  Nydus Canal  
  131  13:56  Hatchery  
  131  14:02  Zergling x2  
  131  14:03  Zergling x28  
  131  14:06  Viper  
  145  14:42  Spine Crawler  
  145  14:44  Spine Crawler  
  143  14:45  Spine Crawler  
  143  14:50  Ultralisk x8  
  143  14:51  Ultralisk  
  159  15:12  Zergling x14  
  159  15:13  Zergling x22  
  146  15:33  Roach  
  146  15:34  Roach x11  
  151  15:39  Zerg Melee Weapons Level 2  
  125  15:43  Viper x2  
  125  15:44  Viper x3  
  137  15:56  Zergling x10  
  137  15:57  Zergling x10  
  93  16:12  Spine Crawler  
  93  16:13  Spine Crawler x2  
  93  16:16  Spine Crawler  
  93  16:17  Spine Crawler x2  
  79  16:20  Spine Crawler  
  79  16:22  Ultralisk x2  
  83  16:27  Zergling x2  
  83  16:28  Zergling x8  
  78  16:47  Zergling x2  
  78  16:48  Zergling x12  
  82  17:12  Zergling x2  
  82  17:13  Zergling x12  
Show
View Real Time Build Order
Export as new Build Order

Читер 1 (ресурсы) Protoss - Winner!

Build Orders: 1 Gate Expand, Archon Immortal 

Get SALT Encoding   

  12  0:00  Probe  
  13  0:13  Probe  
  14  0:19  Pylon  
  14  0:25  Probe  
  15  0:33  Probe  
  15  0:41  Probe  
  16  0:49  Gateway  
  17  0:51  Probe  
  18  0:59  Probe  
  19  1:08  Probe  
  19  1:11  Assimilator  
  19  1:15  Pylon  
  20  1:29  Nexus  
  20  1:40  Cybernetics Core  
  20  1:41  Probe  
  20  1:45  Zealot  
  23  2:00  Gateway, Probe  
  24  2:09  Pylon  
  24  2:10  Zealot  
  24  2:12  Probe  
  25  2:22  Warp Gate  
  27  2:24  Probe  
  28  2:31  Assimilator  
  28  2:34  Probe  
  29  2:38  Adept  
  29  2:41  Probe  
  32  2:44  Probe  
  32  2:46  Adept  
  35  2:56  Probe  
  35  2:58  Pylon  
  36  3:04  Probe  
  36  3:08  Adept  
  36  3:09  Probe  
  36  3:12  Probe  
  40  3:16  Sentry  
  43  3:21  Probe  
  44  3:27  Probe  
  44  3:29  Robotics Facility  
  44  3:33  Probe  
  46  3:35  Stalker  
  46  3:39  Probe, Adept  
  51  3:41  Probe  
  52  3:49  Probe  
  52  3:51  Probe  
  52  3:54  Pylon  
  54  4:00  Probe  
  55  4:03  Probe  
  55  4:05  Adept  
  58  4:11  Probe  
  58  4:12  Probe  
  58  4:14  Pylon  
  58  4:17  Stalker  
  62  4:18  Immortal  
  62  4:19  Probe  
  67  4:24  Probe  
  68  4:35  Probe  
  68  4:36  Robotics Facility  
  68  4:37  Probe  
  70  4:40  Stalker  
  70  4:42  Stalker  
  70  4:43  Pylon  
  70  4:45  Pylon  
  74  4:51  Immortal  
  74  4:56  Gateway  
  78  5:01  Probe  
  78  5:02  Probe  
  78  5:04  Stalker  
  82  5:12  Stalker  
  84  5:16  Pylon  
  84  5:20  Forge  
  84  5:22  Forge  
  84  5:25  Assimilator  
  84  5:26  Stalker  
  86  5:34  Zealot  
  88  5:39  Twilight Council  
  88  5:40  Assimilator  
  88  5:45  Pylon  
  88  5:47  Nexus  
  88  5:48  Probe  
  89  6:02  Probe x2  
  89  6:03  Gateway  
  91  6:09  Photon Cannon  
  91  6:10  Pylon  
  91  6:12  Probe  
  92  6:22  Templar Archives  
  92  6:28  Zealot x2, Stalker  
  92  6:30  Photon Cannon  
  92  6:32  Photon Cannon  
  98  6:40  Pylon  
  98  6:42  Protoss Ground Weapons Level 1  
  98  6:44  Warp Prism  
  100  6:47  Warp Prism  
  100  6:48  Zealot, Sentry  
  100  6:50  Protoss Ground Armor Level 1  
  104  6:54  Stalker  
  104  6:58  Stalker  
  104  6:59  Gateway  
  104  7:00  Probe x3  
  113  7:04  Pylon  
  113  7:06  High Templar  
  115  7:08  High Templar  
  115  7:10  Assimilator  
  115  7:12  Probe x2  
  115  7:13  Probe  
  115  7:15  Pylon  
  120  7:17  Assimilator, Stalker  
  120  7:18  Nexus  
  120  7:20  Observer  
  120  7:21  Zealot  
  125  7:24  Probe x2, Immortal  
  125  7:27  Probe  
  132  7:33  Immortal  
  132  7:34  Zealot, Archon  
  132  7:35  Probe  
  132  7:36  Probe  
  135  7:40  Probe, Zealot, High Templar  
  135  7:41  Pylon  
  135  7:43  High Templar  
  147  7:48  Probe  
  147  7:50  Probe x2  
  149  7:53  Zealot  
  149  7:54  Zealot  
  149  7:58  Probe  
  154  8:00  Probe, Zealot  
  154  8:02  Probe  
  154  8:05  Archon, Pylon  
  159  8:13  Zealot, High Templar  
  159  8:14  Zealot  
  159  8:18  Psionic Storm  
  159  8:19  Observer  
  165  8:23  Observer, Zealot  
  165  8:24  High Templar  
  171  8:28  Pylon  
  171  8:31  Immortal  
  171  8:33  Zealot  
  173  8:34  Stalker  
  173  8:40  Assimilator  
  163  8:41  Immortal  
  163  8:43  Sentry  
  163  8:45  Sentry  
  163  8:46  Assimilator  
  163  8:47  Zealot  
  129  8:53  Stalker  
  107  8:57  Zealot  
  103  9:03  Photon Cannon  
  103  9:05  Pylon  
  103  9:06  Adept, Zealot  
  103  9:08  Pylon, Zealot  
  109  9:12  Stalker  
  109  9:16  High Templar, Immortal  
  117  9:20  Photon Cannon, Immortal  
  111  9:26  Zealot, Adept  
  111  9:28  Sentry  
  111  9:29  Photon Cannon  
  111  9:30  Zealot  
  103  9:40  Photon Cannon  
  103  9:41  Zealot  
  103  9:42  Photon Cannon  
  103  9:45  Sentry  
  107  9:46  Photon Cannon, Stalker  
  107  9:48  Zealot  
  107  9:49  Pylon  
  107  9:51  Sentry  
  113  9:56  Sentry  
  113  9:58  Protoss Ground Weapons Level 2  
  115  10:00  Gateway  
  115  10:03  Adept  
  115  10:04  Stargate  
  117  10:07  Forge  
  117  10:08  Nexus, Zealot, Sentry  
  117  10:12  Robotics Facility  
  121  10:14  Zealot  
  121  10:15  Protoss Ground Armor Level 2  
  121  10:16  Zealot  
  125  10:21  Stalker  
  125  10:23  Adept  
  125  10:26  Photon Cannon  
  129  10:28  Photon Cannon  
  129  10:29  Immortal, Stalker  
  129  10:31  Zealot  
  129  10:34  Zealot  
  139  10:40  Zealot  
  139  10:41  Zealot  
  143  10:51  High Templar  
  143  10:52  Charge, Zealot  
  143  10:53  Stalker  
  143  10:54  Stalker  
  143  10:55  Zealot, Stalker  
  155  11:01  Archon  
  155  11:12  High Templar  
  155  11:14  High Templar  
  155  11:15  Stalker  
  155  11:16  Adept  
  155  11:17  Photon Cannon, Stalker  
  165  11:23  Zealot  
  161  11:33  Pylon, Sentry  
  161  11:36  Zealot  
  161  11:37  Assimilator  
  161  11:38  Zealot  
  161  11:39  Stalker  
  137  11:43  Stalker  
  137  11:44  Immortal  
  137  11:45  Adept  
  129  11:52  High Templar  
  129  11:53  Adept  
  129  11:54  Photon Cannon  
  129  11:56  Sentry  
  129  11:59  Pylon  
  121  12:02  Stalker  
  121  12:05  Immortal x2, Zealot  
  121  12:06  Adept  
  127  12:13  Stalker  
  129  12:17  Sentry  
  129  12:20  Zealot  
  129  12:22  Photon Cannon  
  133  12:23  Immortal, Photon Cannon  
  133  12:25  Sentry, Zealot  
  133  12:27  Zealot, Nexus  
  143  12:32  Zealot  
  143  12:37  Zealot  
  129  12:40  Stalker  
  119  12:44  Immortal  
  119  12:45  Zealot  
  119  12:47  Sentry  
  119  12:49  Zealot x2  
  125  12:56  Zealot  
  125  12:57  Stalker  
  119  13:02  Immortal  
  119  13:03  Zealot  
  111  13:06  Zealot  
  111  13:09  Adept  
  111  13:10  Zealot  
  115  13:13  High Templar, Immortal  
  115  13:14  Immortal  
  125  13:20  High Templar  
  125  13:22  Sentry  
  125  13:26  Zealot  
  135  13:29  Zealot  
  135  13:30  Zealot  
  135  13:33  Immortal  
  139  13:37  Sentry  
  141  13:43  Archon  
  141  13:45  Adept  
  141  13:46  Adept  
  141  13:47  Photon Cannon  
  149  13:49  High Templar  
  149  13:50  Adept, Zealot  
  155  13:58  Zealot  
  157  14:04  High Templar  
  157  14:05  Zealot  
  157  14:06  Zealot, Pylon  
  163  14:10  Stalker  
  165  14:19  Sentry  
  165  14:21  Zealot  
  165  14:24  Zealot  
  171  14:25  Zealot  
  171  14:26  Pylon  
  171  14:28  Protoss Ground Armor Level 3  
  171  14:31  Adept  
  175  14:33  Zealot  
  175  14:37  Stalker  
  179  14:38  Protoss Ground Weapons Level 3  
  179  14:41  Sentry  
  179  14:42  Zealot  
  179  14:44  Zealot  
  185  14:45  Adept  
  185  14:46  Protoss Shields Level 1  
  185  14:52  Photon Cannon  
  187  14:53  Zealot  
  187  14:57  Robotics Bay, Stalker  
  187  14:58  Resonating Glaives  
  187  14:59  Zealot  
  187  15:01  Zealot  
  187  15:02  Zealot  
  187  15:04  Nexus  
  187  15:05  Zealot  
  187  15:06  Adept  
  179  15:09  Immortal  
  169  15:17  Zealot  
  169  15:19  Zealot  
  173  15:21  Adept  
  173  15:22  Zealot  
  173  15:24  Zealot  
  173  15:26  Sentry  
  181  15:34  Stalker  
  177  15:36  Immortal  
  177  15:37  Zealot, Adept  
  177  15:41  Gravitic Boosters  
  177  15:42  Zealot  
  181  15:44  Colossus, Zealot  
  181  15:48  Disruptor  
  181  15:49  Sentry  
  195  15:50  Stalker  
  195  15:52  Zealot  
  177  15:58  Zealot  
  177  16:02  Adept  
  169  16:04  Adept  
  169  16:05  Colossus, Zealot x2  
  169  16:09  Void Ray  
  175  16:12  Sentry  
  175  16:18  Stalker  
  189  16:20  Immortal  
  189  16:22  Zealot, Adept, Gravitic Drive  
  197  16:32  Pylon  
  197  16:48  Disruptor  
  197  16:54  Immortal  
  197  16:58  Photon Cannon  
  199  17:03  Pylon  
  199  17:17  Nexus  
  199  17:26  Photon Cannon  
  199  17:28  Photon Cannon  
  199  17:49  Assimilator  
  199  18:06  Assimilator  
Tags
 
Add a new tag
Caveats
  • Supply blocks, unpowered buildings, or Contaminate may cause inaccurate times.
  • Supply counts are checked every 10 seconds.